 Dungeon Crawl Stone Soup version 0.29-a0-529-gfa20dd96a1 (webtiles) character file.

Game seed: 12679014712545620452

28 Hubjo the Firebug (level 3, 0/20 HPs)
             Began as a Deep Elf Fire Elementalist on June 1, 2022.
             Slain by a goblin
             ... wielding a +0 dagger
              (2 damage)
             ... on level 1 of the Dungeon.
             The game lasted 00:01:26 (1388 turns).

Hubjo the Firebug (Deep Elf Fire Elementalist)      Turns: 1388, Time: 00:01:27

Health: 0/20       AC:  2    Str:  5    XL:     3   Next: 0%
Magic:  18/18      EV: 12    Int: 21    God:
Gold:   69         SH:  0    Dex: 15    Spells: 7/8 levels left

rFire   . . .      SeeInvis .   d - +1 short sword (holy)
rCold   . . .      Faith    .   (no shield)
rNeg    . . .      Spirit   .   a - +0 robe
rPois   .          Reflect  .   (no helmet)
rElec   .          Harm     .   (no cloak)
rCorr   .          Rampage  .   (no gloves)
Will    .....                   (no boots)
Stlth   ++........              i - amulet of magic regeneration
HPRegen 0.06/turn               e - ring of magical power
MPRegen 0.56/turn               (no ring)

@: weak-willed
A: no striking features
a: no special abilities


You were on level 1 of the Dungeon.
You visited 1 branch of the dungeon, and saw 1 of its levels.

You collected 69 gold pieces.

Inventory:

Hand Weapons
 d - a +1 short sword of holy wrath (weapon)
Armour
 a - a +0 robe (worn)
Jewellery
 e - a ring of magical power (left hand)
 i - an amulet of magic regeneration (around neck)
Scrolls
 c - a scroll of enchant weapon {unknown}
 g - 3 scrolls of identify {unknown}
 h - a scroll of poison {unknown}
Potions
 b - a potion of magic


   Skills:
 * Level 1.1 Fighting
 - Level 2.4 Dodging
 + Level 2.9 Stealth
 + Level 3.4 Spellcasting
 - Level 1.1 Conjurations
 + Level 3.6 Fire Magic


You had 7 spell levels left.
You knew the following spells:

 Your Spells              Type           Power      Damage    Failure   Level
a - Foxfire               Conj/Fire      52%        2x1d6     4%          1

Your spell library contained the following spells:

 Spells                   Type           Power      Damage    Failure   Level
 Scorch                   Fire           36%        2d6       4%          2
 Conjure Flame            Conj/Fire      13%        6-21      14%         3
 Inner Flame              Hex/Fire       11%        N/A       19%         3
 Flame Wave               Conj/Fire      13%        2d6       43%         4


Dungeon Overview and Level Annotations

Branches:
Dungeon (1/15)

Altars:
Xom


Message History

You conjure some foxfire!
Something hits the plant.
The plant begins to die.
Something hits the plant.
You conjure some foxfire!
Something hits the plant.
Something hits the plant.
There is not enough space to conjure foxfire!
A nearby plant withers and dies.
You conjure some foxfire!
The goblin barely misses you.
There is not enough space to conjure foxfire!
The goblin closely misses you.
You conjure some foxfire!
The goblin hits you with a +0 dagger. The goblin closely misses you.
You conjure some foxfire!
The goblin barely misses you. The goblin closely misses you.
You conjure some foxfire!
The goblin hits you with a +0 dagger. The goblin hits you with a +0 dagger.
You conjure some foxfire!
The goblin hits you with a +0 dagger. The goblin hits you but does no damage.
You conjure some foxfire!
The goblin barely misses you. The goblin barely misses you.
You conjure some foxfire!
The goblin barely misses you. The goblin hits you with a +0 dagger.
There is a shimmering altar of Xom here.
You are too injured to fight recklessly!
You hit the fungus.
The fungus begins to die.
The fungus is lightly damaged.
The goblin hits you with a +0 dagger.
* * * LOW HITPOINT WARNING * * *
You hit the fungus.
The fungus is lightly damaged.
The goblin hits you with a +0 dagger.
* * * LOW HITPOINT WARNING * * *
You hit the fungus.
The fungus is lightly damaged.
The goblin hits you with a +0 dagger.
* * * LOW HITPOINT WARNING * * *
As you read the scroll labelled COARIO DOSHRE, it crumbles to dust.
Magic quickly surges around you.
It was a scroll of vulnerability.
A nearby fungus withers and dies.
The goblin hits you with a +0 dagger.
You die... "It was about time."

########### #.........##
#.##........
#.##.######## ### ###
#.##..#...#P#.P. ..##
#.##..#.#.#P#.#.#.. ...#
#.##....P..P.......
...###.##..#.#ยง#g#.#.#.
....##.##..#.P.#@#
.......##..#.#.#.#
..#.#####...P.P..P ..#.#
#..#.#.#P#. ..#.##
#..#...#.#.P ###..#
#.######## ##
###..####....
..........>#
###..#####.#


You could see a goblin (weak-willed).

Vanquished Creatures
  A worm (D:1)
  2 ball pythons (D:1)
  2 bats (D:1)
  4 endoplasms (D:1)
  A giant cockroach (D:1)
  2 goblins (D:1)
  A hobgoblin (D:1)
  A quokka (D:1)
  A frilled lizard (D:1)
  5 kobolds (D:1)
  2 rats (D:1)
22 creatures vanquished.

Vanquished Creatures (collateral kills)
  14 foxfires (D:1)
14 creatures vanquished.

Vanquished Creatures (others)
  113 foxfires (D:1)
  A fungus (D:1)
  A plant (D:1)
115 creatures vanquished.

Grand Total: 151 creatures vanquished

Notes
Turn   | Place    | Note
-------+----------+-------------------------------------------
     0 | D:1      | Hubjo the Deep Elf Fire Elementalist began the quest for
                  | the Orb.
     0 | D:1      | Reached XP level 1. HP: 10/10 MP: 6/6
    24 | D:1      | Noticed an electric eel
   304 | D:1      | Reached XP level 2. HP: 16/16 MP: 5/8
   838 | D:1      | Reached skill level 1 in Fighting
  1233 | D:1      | Reached XP level 3. HP: 20/20 MP: 5/9
  1290 | D:1      | Found a faded altar of an unknown god.
  1296 | D:1      | Prayed at the altar of an unknown god.
  1296 | D:1      | Became a worshipper of Xom the Unpredictable
  1303 | D:1      | Fell from the grace of Xom
  1388 | D:1      | Slain by a goblin

Illustrated notes

Levels and vault maps discovered:
D:1:      arrival_aquarium_a, layout_basic,
          shapermc_ecumenical_altar_mp_urbaneastern, minmay_fountain_box,
          nicolae_wormholes

Skill      XL: |  1  2 |
---------------+-------+-----
Fighting       | 1 |  1.1
Dodging        | |  2.4
Stealth        | |  2.9
Spellcasting   | |  3.4
Conjurations   | |  1.1
Fire Magic     | |  3.6

Action                   || total
-------------------------++-------
Melee: Short sword       ||     4
 Cast: Foxfire           ||    88
Invok: Renounce Religion ||     1
  Use: Scroll            ||     1
Armor: Robe              ||     4
Dodge: Dodged            ||    18

Table legend: (Time is in decaauts)
 A = Elapsed time spent in this place.
 B = Non-inter-level travel time spent in this place.
 C = Inter-level travel time spent in this place.
 D = Time resting spent in this place.
 E = Time spent auto-exploring this place.
 F = Levels seen in this place.
 G = Mean time per level.
                   A        B        C        D        E       F      G
               +--------+--------+--------+--------+--------+-----+--------+
         Total |   1387 |   1387 |      0 |      0 |   1204 |   1 | 1387.0 |
       Dungeon |   1387 |   1387 |      0 |      0 |   1204 |   1 | 1387.0 |
               +--------+--------+--------+--------+--------+-----+--------+

Top non-repeatable levels by time:
     D:1: 1387 daAuts
